AoeStats
← torpedo bob

Arabia

504263715Analyzed
2v2 RM · 28d ago on Sep 4, 2026· 50m 57s· 4 players
Game mode
Random Map
Map size
Medium (4 player)
Population
200
Speed
Normal
Resources
Standard
Victory
Conquest
Starting age
Dark Age
Ending age
Imperial Age
RankedLock teamsTeams togetherTeam positionsShared explorationLock speedFull tech treeHidden civsTurbo modeCheats
Victory
Defeat
🇦🇷 Cumans · Argentina
509
+16
🇦🇷 Burgundians · Argentina
507
+16
🇳🇱 Gurjaras · Netherlands
521
-17
🇳🇱 Franks · Netherlands
495
-15
Grubby
7:23 Loom
9:48 Feudal Age
14:07 Wheelbarrow
13:21 Double-Bit Axe
14:52 Gold Mining
20:29 Castle Age
20:55 Forging
20:51 Scale Barding Armor
21:28 Husbandry
22:12 Bow Saw
25:12 Iron Casting
25:19 Gold Shaft Mining
35:38 Fervor
43:33 Crossbowman
torpedo bob
12:04 Feudal Age
14:32 Double-Bit Axe
16:50 Wheelbarrow
16:20 Horse Collar
24:12 Stone Mining
25:44 Bloodlines
31:57 Castle Age
31:35 Gold Mining
33:19 Scale Barding Armor
33:31 Forging
39:20 Iron Casting
50:45 Imperial Age
Swenit
0:43 Loom
11:42 Feudal Age
14:28 Town Watch
16:52 Man-at-Arms
17:19 Arson
18:25 Wheelbarrow
19:54 Gold Mining
20:15 Horse Collar
21:44 Bloodlines
21:53 Forging
23:57 Double-Bit Axe
25:41 Scale Mail Armor
32:23 Castle Age
34:20 Town Patrol
33:57 Capped Ram
35:40 Gold Shaft Mining
34:55 Stone Mining
35:15 Squires
34:39 Pikeman
36:35 Bow Saw
38:52 Steppe Husbandry
40:30 Hand Cart
41:19 Elite Skirmisher
42:17 Long Swordsman
45:42 Stone Mining
47:57 Heavy Plow
53:29 Imperial Age
La sobri de jefry
9:01 Wheelbarrow
11:40 Double-Bit Axe
13:28 Feudal Age
18:27 Bow Saw
18:36 Hand Cart
23:42 Castle Age
23:40 Gold Mining
23:57 Stone Mining
24:25 Cavalier
25:10 Husbandry
31:38 Scale Barding Armor
35:40 Gold Shaft Mining
35:41 Stone Shaft Mining
46:10 Chain Barding Armor
47:55 Two-Man Saw
Connection lost

Rejoining the realm…

Still unreachable

The connection could not be restored.

Session expired

The server has moved on; the page needs a fresh start.